 Dungeon Crawl Stone Soup version 0.30.0-19-g36f170ea60 (webtiles) character file.

Game seed: 689681483593499463

3413 workbot the Severer (level 9, -2/73 HPs)
             Began as a Minotaur Berserker on May 24, 2023.
             Was a High Priest of Trog.
             Killed from afar by an electric eel (5 damage)
             ... with a bolt of electricity
             ... in a bailey on May 26, 2023.
             The game lasted 00:18:38 (6430 turns).

workbot the Severer (Minotaur Berserker)            Turns: 6430, Time: 00:18:38

Health: -2/73      AC: 15    Str: 25    XL:     9   Next: 76%
Magic:  8/8        EV:  9    Int:  2    God:    Trog [*****.]
Gold:   321        SH: 13    Dex: 13    Spells: 8/8 levels left

rFire   + . .        v - +0 war axe
rCold   + + .        d - +0 kite shield
rNeg    . . .        r - +6 scale mail of Majestic Awe {rF+ rC++ Int-2 Dex+2}
rPois   .            (helmet restricted)
rElec   .            (no cloak)
rCorr   .            j - +1 pair of gloves
SInv    +            (no boots)
Will    .....        b - amulet of reflection Stlth
                     F - ring of see invisible
HPRegen 0.32/turn    (no ring)
MPRegen 0.11/turn

%: reflection
@: no status effects
A: horns 2, retaliatory headbutt
a: Renounce Religion, Berserk, Trog's Hand, Brothers in Arms


You were in a bailey.
You worshipped Trog.
Trog was extremely pleased with you.
You visited 1 branch of the dungeon, and saw 9 of its levels.
You also visited: Bailey.

You collected 321 gold pieces.

Inventory:

Hand Weapons
 c - a +0 morningstar
 q - a +3 antimagic battleaxe
 v - a +0 war axe (weapon)
Missiles
 u - 3 throwing nets (quivered)
Armour
 d - a +0 kite shield (worn)
 j - a +1 pair of gloves (worn)
 r - the +6 scale mail of Majestic Awe (worn) {rF+ rC++ Int-2 Dex+2}
   (You found it on level 3 of the Dungeon)

   Int:       It affects your intelligence (-2).
   Dex:       It affects your dexterity (+2).
   rF:        It protects you from fire.
   rC:        It greatly protects you from cold.
 D - a +0 helmet
Jewellery
 b - an amulet of reflection (around neck)
 F - a ring of see invisible (left hand)
Wands
 a - a wand of polymorph (5)
 m - a wand of digging (4)
 A - a wand of roots (20)
Scrolls
 f - 2 scrolls of blinking
 g - 4 scrolls of teleportation
 h - 4 scrolls of enchant armour
 k - a scroll of noise {unknown}
 l - 3 scrolls of magic mapping
 n - 2 scrolls of poison {unknown}
 p - a scroll of fear {unknown}
 t - a scroll of acquirement {unknown}
 y - a scroll of vulnerability {unknown}
 B - 2 scrolls of enchant weapon {unknown}
 E - a scroll of amnesia {unknown}
Potions
 e - 10 potions of curing
 i - a potion of invisibility {unknown}
 o - a potion of flight {unknown}
 s - 4 potions of heal wounds {unknown}
 w - a potion of cancellation {unknown}
 x - a potion of mutation {unknown}
 z - 2 potions of lignification {unknown}
 C - 2 potions of haste {unknown}
 G - a potion of resistance {unknown}


   Skills:
 * Level 4.8 Fighting
 - Level 16.0 Axes
 + Level 3.3 Armour
 - Level 2.1 Dodging
 + Level 1.9 Shields


You had 8 spell levels left.
You didn't know any spells.
Your spell library was empty.

Dungeon Overview and Level Annotations

Branches:
Dungeon (9/15)             Temple (0/1) D:5          Bailey (1/1)
   Lair: D:8-11         Orc: D:9-12

Altars:
Cheibriados
Qazlal
Ru
Trog
Wu Jian

Shops:
D:1 *   D:5 (


Innate Abilities, Weirdness & Mutations

You have a pair of horns on your head.
You reflexively headbutt those who attack you in melee.


Message History

You closely miss the orc warrior. Your headbutt misses the orc warrior.
The orc warrior is severely wounded.
You block the orc warrior's attack.
You hit the orc warrior.
The orc warrior is almost dead.
The electric eel shoots out a bolt of lightning at you!
The bolt of electricity hits you but does no damage.
The bolt of electricity misses you.
The orc warrior hits you but does no damage.
You hit the orc warrior but do no damage.
The orc warrior is almost dead.
You completely miss the orc warrior.
The orc warrior is almost dead.
You block the orc warrior's attack.
You hit the orc warrior but do no damage.
The orc warrior is almost dead.
You block the orc warrior's attack.
You barely miss the orc warrior.
The orc warrior is almost dead.
The orc warrior hits you but does no damage.
You hit the orc warrior.
You kill the orc warrior!
Trog accepts your kill.
The electric eel shoots out a bolt of lightning at you!
The bolt of electricity hits you!
The electric eel shoots out a bolt of lightning at you!
The bolt of electricity misses you. The bolt of electricity hits you!
* * * LOW HITPOINT WARNING * * *
You feel better.
The electric eel shoots out a bolt of lightning at you!
The bolt of electricity hits you!
* * * LOW HITPOINT WARNING * * *
The bolt of electricity hits you.
* * * LOW HITPOINT WARNING * * *
The electric eel shoots out a bolt of lightning at you!
The bolt of electricity hits you!
* * * LOW HITPOINT WARNING * * *
The electric eel shoots out a bolt of lightning at you!
The bolt of electricity hits you.
You die...

≈≈≈≈.........≈≈≈≈≈≈≈
≈≈≈≈≈≈≈...≈≈≈≈≈≈≈≈≈≈
≈≈≈≈≈≈≈...≈≈≈≈≈≈≈≈≈≈
≈≈≈≈≈≈≈...≈≈≈≈≈≈≈≈≈≈
≈≈≈≈≈≈≈...S≈≈≈≈≈≈≈≈≈
##~~~~...S~~~######
#...........#
#####)''#####
+)@)..+ +.....+
#..⌠..# #.....#
#.....# #######


You could see 2 electric eels.

Vanquished Creatures
  Maggie (D:7)
  A wraith (D:7)
  Eustachio (D:4)
  A steam dragon (D:7)
  An acid dragon (D:8)
  A water moccasin (D:7)
  Duvessa (D:7)
  3 black bears
  An orc warrior (Bailey)
  2 sky beasts
  An ice beast (D:6)
  2 centaurs
  A phantom (D:7)
  A kobold brigand (D:8)
  3 bullfrogs
  2 gnoll sergeants
  2 scorpions
  Dowan (D:7)
  A howler monkey (D:7)
  3 hounds
  3 orc priests
  3 iguanas
  A gnoll bouda (D:3)
  7 orc wizards
  A mummy (D:7)
  21 gnolls
  9 adders
  A shadow imp (D:7)
  3 white imps
  An ufetubus (D:5)
  2 worms
  7 dart slugs
  26 orcs
  13 ball pythons
  3 bats
  14 endoplasms
  4 giant cockroaches
  9 goblins
  8 hobgoblins
  7 jackals
  8 quokkas
  2 frilled lizards
  16 kobolds
  2 rats (D:3)
201 creatures vanquished.

Notes
Turn   | Place    | Note
-------+----------+-------------------------------------------
     0 | D:1      | workbot the Minotaur Berserker began the quest for the Orb.
     0 | D:1      | Reached XP level 1. HP: 19/19 MP: 0/0
   132 | D:1      | Reached skill level 4 in Axes
   213 | D:1      | Reached XP level 2. HP: 26/26 MP: 1/1
   303 | D:1      | Found Qokhegik's General Store.
   477 | D:1      | Reached skill level 5 in Axes
   545 | D:1      | Reached ** piety under Trog
   546 | D:1      | Reached XP level 3. HP: 30/31 MP: 2/2
   547 | D:1      | Found a faded altar of an unknown god.
   831 | D:2      | Found a snail-covered altar of Cheibriados.
   929 | D:2      | Reached skill level 6 in Axes
   929 | D:2      | Reached XP level 4. HP: 39/39 MP: 3/3
  1427 | D:3      | Reached XP level 5. HP: 41/45 MP: 4/4
  1428 | D:3      | Reached *** piety under Trog
  1429 | D:3      | Reached skill level 7 in Axes
  1436 | D:3      | Identified the +6 scale mail of Majestic Awe {rF+ rC++
                  | Int-2 Dex+2}
  2300 | D:4      | Reached skill level 8 in Axes
  2309 | D:4      | Upgraded the game from 0.30.0-18-gc0e69614cb to
                  | 0.30.0-19-g36f170ea60
  2362 | D:4      | Reached XP level 6. HP: 51/51 MP: 5/5
  2424 | D:4      | Noticed Eustachio
  2437 | D:4      | Killed Eustachio
  2438 | D:4      | Reached skill level 9 in Axes
  2666 | D:4      | You fall into a shaft and drop 2 floors!
  2675 | D:6      | Reached XP level 7. HP: 57/57 MP: 6/6
  2701 | D:6      | Reached skill level 10 in Axes
  2720 | D:5      | Entered Level 5 of the Dungeon
  2769 | D:5      | Found a staircase to the Ecumenical Temple.
  2873 | D:4      | Found a stormy altar of Qazlal.
  3119 | D:5      | Found Iwkil's Weapon Shop.
  3228 | D:5      | Reached **** piety under Trog
  3259 | D:5      | Reached skill level 11 in Axes
  3668 | D:6      | Reached XP level 8. HP: 64/64 MP: 7/7
  3672 | D:6      | Reached skill level 12 in Axes
  4156 | D:7      | Reached skill level 13 in Axes
  4307 | D:7      | Found a sacrificial altar of Ru.
  4391 | D:7      | Noticed Maggie
  4541 | D:7      | Killed Maggie
  4542 | D:7      | Reached skill level 14 in Axes
  4542 | D:7      | Reached XP level 9. HP: 38/70 MP: 8/8
  5152 | D:7      | Reached skill level 15 in Axes
  5209 | D:7      | Noticed Duvessa
  5209 | D:7      | Noticed Dowan
  5214 | D:7      | Killed Dowan
  5217 | D:7      | Killed Duvessa
  5493 | D:8      | Reached ***** piety under Trog
  5593 | D:8      | Found an ornate altar of the Wu Jian Council.
  5640 | D:8      | Received a gift from Trog
  5831 | D:8      | Identified the +1 leather armour of Cowardice {Str+2}
  6156 | D:8      | Reached skill level 16 in Axes
  6259 | D:8      | Found a bloodstained altar of Trog.
  6304 | D:9      | Reached skill level 1 in Shields
  6357 | D:9      | Found a flagged portal.
  6379 | Bailey   | Entered a bailey
  6430 | Bailey   | HP: 3/73 [electric eel/bolt of electricity (7)]
  6430 | Bailey   | Killed from afar by an electric eel

Illustrated notes

Levels and vault maps discovered:
D:1:      dpeg_arrival_chambers_temple_mockup, layout_loops_ring, serial_shops,
          nicolae_shop_pleasant_corner_grove, chequers_ecumenical_altar_island
D:2:      layout_basic, basic_altar, cheibrodos_gnoll_hut
D:3:      kennysheep_slugbush, layout_loops_corners, minmay_vboxes
D:4:      layout_cave_pools, lemuel_crystal_altar, uniq_eustachio
D:5:      nicolae_cairo_tiling_large_dashed, layout_loops_ring,
          minmay_temple_entry_hall, serial_shops, shop, lightli_corner_chamber
D:6:      layout_cave_pools, minmay_liquid_box
D:7:      layout_loops_corners, nicolae_ru_the_path_less_chosen,
          gup_ossuary_entry_pyramid, kennysheep_cross_bottleneck, uniq_duvessa,
          uniq_maggie
D:8:      layout_loops_ring, old_standard_altar, lightli_temple_of_fire
D:9:      layout_rooms, demons_altar, old_standard_altar,
          erik_lair_orcish_takeover, enter_bailey_4, kennysheep_generic_room_7
Bailey:   bailey_axe_of_yendor_kennysheep, bailey

Skill      XL: |  1  2  3  4  5  6  7  8  9 |
---------------+----------------------------+-----
Axes           | 4 5 6 8 9 11 14 16 | 16.0
Fighting       | 4 |  4.8
Shields        | 1 |  1.9
Armour         | 3 |  3.3
Dodging        | |  2.1

Action                     |  1- 3 |  4- 6 |  7- 9 || total
---------------------------+-------+-------+-------++-------
  Melee: Hand axe          |    71 |   142 |       ||   213
         Headbutt          |     6 |    18 |    48 ||    72
         Punch             |     1 |       |     1 ||     2
         War axe           |       |    26 |   257 ||   283
 Invoke: Berserk           |     1 |     2 |     6 ||     9
    Use: Scroll            |     1 |       |     7 ||     8
         Potion            |     1 |       |     1 ||     2
   Stab: Sleeping          |     1 |       |       ||     1
 Armour: Chain mail        |    26 |    39 |       ||    65
         Animal skin       |     1 |       |       ||     1
         Scale mail        |       |    60 |   112 ||   172
  Dodge: Dodged            |    39 |    76 |    79 ||   194
  Block: Other             |       |       |     9 ||     9
         Kite shield       |       |       |    60 ||    60
         Reflection        |       |       |     4 ||     4
